 Dungeon Crawl Stone Soup version 0.24.0-13-gcf9b319 (webtiles) character file.

Game seed: 5285028651908319953, levelgen mode: deterministic

1315 Doobh the Insei (level 8, -4/58 HPs)
             Began as a Demonspawn Transmuter on Dec 30, 2019.
             Slain by a wyvern (14 damage)
             ... on level 7 of the Dungeon.
             The game lasted 00:33:25 (7880 turns).

Doobh the Insei (Demonspawn Transmuter)             Turns: 7880, Time: 00:33:25

Health: -4/58      AC:  3    Str: 13    XL:     8   Next: 33%
Magic:  14/14      EV: 13    Int: 14    God:
Gold:   350        SH:  0    Dex: 14    Spells: 14/15 levels left

rFire    . . .     SeeInvis .     - Unarmed
rCold    + . .     Gourm    .   (no shield)
rNeg     . . .     Faith    .   y - +0 leather armour
rPois    .         Spirit   .   (no helmet)
rElec    .         Reflect  .   (no cloak)
rCorr    .         Harm     .   (no gloves)
MR       .....                  (boots unavailable)
Stlth    ++........             (no amulet)
HPRegen  0.19/turn              u - +4 ring of slaying
MPRegen  0.14/turn              (no ring)

@: about to teleport
A: talons 3, cold resistance 1, foul stench 1, rot immunity
a: no special abilities


You were on level 7 of the Dungeon.
You were not hungry.

You visited 2 branches of the dungeon, and saw 8 of its levels.
You also visited: Ossuary.

You collected 350 gold pieces.

Inventory:

Missiles
 a - 31 arrows
 o - 3 curare-tipped darts (quivered)
 B - 11 poisoned darts
Armour
 b - a +0 robe
 w - a +0 chain mail
 y - a +0 leather armour (worn)
Jewellery
 u - a +4 ring of slaying (left hand)
Wands
 e - a wand of iceblast (10)
 C - a wand of flame (18)
Scrolls
 c - a scroll of amnesia
 g - 5 scrolls of remove curse
 i - 5 scrolls of teleportation
 k - 2 scrolls of blinking {unknown}
 m - 2 scrolls of fog {unknown}
 n - 2 scrolls of enchant armour {unknown}
 p - 4 scrolls of random uselessness {unknown}
 s - 6 scrolls of immolation
 t - a scroll of enchant weapon {unknown}
 E - a scroll of identify
Potions
 f - 2 potions of mutation
 h - 3 potions of curing
 j - 2 potions of agility
 l - 5 potions of flight
 q - 5 potions of haste
 r - 2 potions of brilliance {unknown}
 v - 2 potions of might {unknown}
 x - 2 potions of heal wounds {unknown}
 z - a potion of resistance {unknown}
 A - 2 potions of berserk rage {unknown}
Comestibles
 d - 5 rations
 D - 3 chunks of flesh


   Skills:
 + Level 3.4 Fighting
 - Level 4.0 Armour
 - Level 4.0 Dodging
 + Level 3.2 Stealth
 + Level 4.2 Unarmed Combat
 - Level 4.0 Spellcasting
 + Level 3.6 Transmutations


You had 14 spell levels left.
You knew the following spells:

 Your Spells              Type           Power        Failure   Level  Hunger
a - Beastly Appendage     Tmut           ##....       5%          1    None

Your spell library contained the following spells:

 Spells                   Type           Power        Failure   Level  Hunger
 Sticks to Snakes         Tmut           ##......     9%          2    ##.....
 Spider Form              Tmut/Pois      #.........   34%         3    ###....
 Ice Form                 Ice/Tmut       #.......     75%         4    ####...
 Blade Hands              Tmut           ##........   83%         5    ######.


Dungeon Overview and Level Annotations

Branches:
Dungeon (7/15)             Temple (1/1) D:6         Ossuary (visited)

Altars:
Ashenzari
Cheibriados
Dithmenos
Elyvilon
Fedhas
Gozag
Hepliaklqana
Kikubaaqudgha
Makhleb
Nemelex Xobeh
Okawaru
Qazlal
Ru
Sif Muna
Trog
Uskayaw
Vehumet
Wu Jian
Xom
Yredelemnul
Zin
The Shining One

Annotations:
D:2 Pikel
D:7 1 runed translucent door, exclusion: door, Silentouch's ghost, novice TrMo


Innate Abilities, Weirdness & Mutations

You have claws for feet.
Your flesh is cold resistant. (rC+)
You may emit foul miasma when damaged in melee.
You are immune to rotting.


Message History

The wyvern is engulfed in dark miasma.
The wyvern is poisoned.
The wyvern seems to slow down.
You feel better. The wyvern bites you!
* * * LOW HITPOINT WARNING * * *
The centaur unwields a +0 shortbow.
The centaur hits you.
* * * LOW HITPOINT WARNING * * *
The centaur wields a +0 shortbow.
The centaur shoots an arrow.
The arrow hits you.
* * * LOW HITPOINT WARNING * * *
The shadow imp grins evilly.
You see here an arrow.
You feel better. The bullfrog skeleton hits you.
* * * LOW HITPOINT WARNING * * *
The wyvern bites you but does no damage.
The bullfrog skeleton hits you.
* * * LOW HITPOINT WARNING * * *
The centaur unwields a +0 shortbow.
The centaur barely misses you.
As you read the scroll of teleportation, it crumbles to dust.
You feel strangely unstable. The wyvern bites you!
You die...

## .##...# #### ## .....#
#..## #.
#...######..##### ##.
#...#...........#######..
#...#............÷......#
#......l...>...######...#
#....☼5Z@.....(.## ###..
#..T...c.........# ##.
#..#.............# ##
#..##............# #
####.Z###........#### #
##.##..# ##...#####
#......# #...##
##......###..##
##......T.#..###


You could see a troll, a wyvern, a centaur, a shadow imp and a bullfrog
skeleton.

Vanquished Creatures
  A slave (D:4)
  An ogre (D:5)
  A centaur (D:5)
  A big kobold (D:7)
  A scorpion (D:6)
  A crimson imp (D:5)
  4 bullfrog zombies
  3 centaur zombies (Ossuary)
  2 jellies
  4 hounds
  Ijyb (D:3)
  An iguana (D:7)
  10 worker ants
  A big kobold zombie (Ossuary)
  A hound zombie (D:5)
  4 mummies (Ossuary)
  2 worker ant zombies
  A howler monkey zombie (D:5)
  4 gnolls (D:5)
  2 adders (D:5)
  2 shadow imps
  An ooze (D:4)
  An adder zombie (D:6)
  2 worms
  A dart slug (D:1)
  4 leopard geckos
  10 orcs
  4 ball pythons
  7 bats
  3 giant cockroaches
  4 goblins
  3 hobgoblins
  14 jackals
  9 kobolds
  2 quokkas
  4 frilled lizards
  A gnoll zombie (Ossuary)
  A goblin zombie (Ossuary)
  A hobgoblin zombie (Ossuary)
  A jackal skeleton (D:7)
  A jackal zombie (D:5)
  An orc zombie (Ossuary)
  4 rats
127 creatures vanquished.

Notes
Turn   | Place    | Note
-------+----------+-------------------------------------------
     0 | D:1      | Doobh the Demonspawn Transmuter began the quest for the
                  | Orb.
     0 | D:1      | Reached XP level 1. HP: 15/15 MP: 3/3
   121 | D:1      | Mutation became permanent: You have razor-sharp toenails.
                  | [demonic ancestry]
   121 | D:1      | Gained mutation: You have claws for feet. [demonic
                  | ancestry]
   121 | D:1      | Reached XP level 2. HP: 15/21 MP: 3/5
   919 | D:2      | Gained mutation: You are immune to rotting. [demonic
                  | ancestry]
   919 | D:2      | Reached XP level 3. HP: 22/26 MP: 4/6
  1132 | D:2      | Reached skill level 1 in Armour
  2024 | D:3      | Noticed Ijyb
  2117 | D:3      | Killed Ijyb
  2117 | D:3      | Reached skill level 1 in Stealth
  2117 | D:3      | Gained mutation: You have razor-sharp toenails. [demonic
                  | ancestry]
  2117 | D:3      | Reached XP level 4. HP: 18/32 MP: 5/7
  2425 | D:3      | Gained mutation: You have claws for feet. [demonic
                  | ancestry]
  2425 | D:3      | Reached XP level 5. HP: 33/37 MP: 6/9
  2791 | D:4      | Found a sand-covered staircase.
  2795 | Ossuary  | Entered an ossuary
  3124 | Ossuary  | Reached XP level 6. HP: 28/44 MP: 10/10
  3520 | D:4      | Found an ancient bone altar of Kikubaaqudgha.
  3706 | D:4      | Found a hide-covered altar of Uskayaw.
  3794 | D:4      | Found a hazy altar of Hepliaklqana.
  3794 | D:4      | Found a sacrificial altar of Ru.
  3795 | D:4      | Found an ornate altar of the Wu Jian Council.
  4172 | D:5      | Entered Level 5 of the Dungeon
  4172 | D:5      | Noticed Pikel
  4172 | D:5      | Noticed a slave
  4172 | D:5      | Noticed a slave
  4172 | D:5      | Noticed a slave
  4172 | D:5      | Noticed a slave
  4183 | D:4      | Killed a slave
  4976 | D:5      | Gained mutation: Your flesh is cold resistant. (rC+)
                  | [demonic ancestry]
  4976 | D:5      | Reached XP level 7. HP: 37/51 MP: 10/12
  5241 | D:5      | Found a shadowy altar of Dithmenos.
  6047 | D:6      | Found a stormy altar of Qazlal.
  6180 | D:6      | Found a radiant altar of Vehumet.
  6200 | D:6      | Gained mutation: You may emit foul miasma when damaged in
                  | melee. [demonic ancestry]
  6200 | D:6      | Reached XP level 8. HP: 47/57 MP: 14/14
  6206 | D:6      | Found a staircase to the Ecumenical Temple.
  6223 | Temple   | Entered the Ecumenical Temple
  6543 | D:7      | Found a runed translucent door.
  6543 | D:7      | Found a shimmering altar of Xom.
  6543 | D:7      | Noticed Silentouch's ghost (novice TrMo)
  6543 | D:7      | Noticed a +1 whip of chaos
  7855 | D:7      | Noticed a troll
  7880 | D:7      | Slain by a wyvern

Levels and vault maps discovered:
D:1:      psy_arrival_conway, layout_rooms
D:2:      layout_loops_corners, grunt_decor_fettered
D:3:      layout_loops_cross, first_ration, uniq_ijyb
D:4:      layout_layer_cave, lemuel_doored_altar, kiku_gazebo_pond_becter,
          gammafunk_temple_overflow_forgotten, nicolae_ossuary_entry_plus
D:5:      layout_basic, nicolae_dithmenos_shadow_blocks, uniq_pikel
D:6:      layout_basic, nicolae_qazlal_general_emergency, vehumet_altar_wand_db,
          temple_statues
D:7:      minmay_the_grid_octo_2x2 [minmay_the_grid_octo_toaster,
          minmay_the_grid_octo_teeth, minmay_the_grid_octo_77,
          minmay_the_grid_octo_prize_ultimate_mussel_roller], layout_cave_pods,
          ebering_ghost_xom
Temple:   regret_index_temple_generic_petals

Skill      XL: |  1  2  3  4  5  6  7  8 |
---------------+-------------------------+-----
Dodging        | 2 3 4 |  4.0
Transmutations | 2 3 |  3.6
Armour         | 1 2 3 4 |  4.0
Stealth        | 1 2 3 |  3.2
Unarmed Combat | 3 4 |  4.2
Spellcasting   | 3 4 |  4.0
Fighting       | 2 3 |  3.4

Action                   |  1- 3 |  4- 6 |  7- 9 || total
-------------------------+-------+-------+-------++-------
Melee: Unarmed           |   122 |   152 |   172 ||   446
       Kick              |    25 |    54 |    44 ||   123
       Headbutt          |     7 |    11 |    14 ||    32
       Punch             |       |     1 |     1 ||     2
 Cast: Beastly Appendage |    26 |    11 |    12 ||    49
  Use: Scroll            |     3 |     8 |     4 ||    15
       Potion            |       |     1 |     2 ||     3
 Stab: Sleeping          |     2 |     3 |     2 ||     7
  Eat: Chunk             |     4 |     3 |     3 ||    10
       Ration            |       |     2 |     2 ||     4
Armor: Robe              |    29 |     2 |       ||    31
       Scale mail        |    13 |       |       ||    13
       Chain mail        |       |    39 |       ||    39
       Leather armour    |       |     3 |    19 ||    22
Dodge: Dodged            |    91 |    55 |   106 ||   252
